 Dungeon Crawl Stone Soup version 0.28-a0-909-g796cbd3a86 (webtiles) character file.

Game seed: 5726308682847596678

120 Htamos the Gusty (level 5, -1/30 HPs)
             Began as a Tengu Air Elementalist on Nov 25, 2021.
             Slain by an orc wizard (3 damage)
             ... on level 2 of the Dungeon.
             The game lasted 00:04:35 (2336 turns).

Htamos the Gusty (Tengu Air Elementalist)           Turns: 2336, Time: 00:04:36

Health: -1/30      AC:  2    Str:  9    XL:     5   Next: 4%
Magic:  9/9        EV: 15    Int: 15    God:
Gold:   71         SH:  0    Dex: 15    Spells: 3/8 levels left

rFire   . . .      SeeInvis .   d - +2 trident (flame)
rCold   . . .      Faith    .   (no shield)
rNeg    . . .      Spirit   .   a - +0 robe
rPois   .          Reflect  .   (helmet restricted)
rElec   .          Harm     .   (no cloak)
rCorr   .          Rampage  .   (no gloves)
Will    .....                   (boots unavailable)
Stlth   ++........              l - amulet of magic regeneration
HPRegen 0.10/turn               (no ring)
MPRegen 0.36/turn               (no ring)

@: flying quickly and evasively, quick
A: beak, talons 3, nimble flight
a: no special abilities


You were on level 2 of the Dungeon.
You visited 1 branch of the dungeon, and saw 3 of its levels.

You collected 71 gold pieces.

Inventory:

Hand Weapons
 d - a +2 trident of flaming (weapon)
Missiles
 h - 14 poisoned darts
Armour
 a - a +0 robe (worn)
Jewellery
 j - a ring of fire
 l - an amulet of magic regeneration (around neck)
Scrolls
 b - a scroll of identify {unknown}
 e - 3 scrolls of enchant armour {unknown}
 i - 2 scrolls of teleportation {unknown}
 k - 2 scrolls of fear {unknown}
Potions
 f - a potion of haste {unknown}
 g - a potion of flight {unknown}


   Skills:
 * Level 2.0 Fighting
 + Level 1.2 Polearms
 + Level 1.3 Armour
 + Level 2.8 Dodging
 + Level 2.5 Stealth
 + Level 2.3 Spellcasting
 + Level 2.2 Conjurations
 + Level 4.4 Air Magic


You had 3 spell levels left.
You knew the following spells:

 Your Spells              Type           Power      Damage    Failure   Level
a - Shock                 Conj/Air       44%        1d5       5%          1
b - Airstrike             Air            7%         N/A       34%         4

Your spell library contained the following spells:

 Spells                   Type           Power      Damage    Failure   Level
 Static Discharge         Conj/Air       11%        N/A       9%          2
 Swiftness                Air            15%        N/A       11%         3
 Chain Lightning          Conj/Air       5%         3d7       100%        9
 Fire Storm               Conj/Fire      2%         8d1       100%        9
 Shatter                  Erth           0%         3d5*      100%        9


Dungeon Overview and Level Annotations

Branches:
Dungeon (3/15)

Altars:


Innate Abilities, Weirdness & Mutations

You have a beak for a mouth.
You have claws for feet.
Your magical nature lets you fly swiftly and evasively.


Message History

You hit the orc wizard. You burn the orc wizard. You claw the orc wizard.
You peck the orc wizard.
The orc wizard is almost dead.
The orc wizard casts a spell at you. The magic dart hits you.
The orc wizard hits you with a +0 dagger.
You bump into the rock wall.
You feel less confused.
The orc wizard mumbles some strange words.
The orc wizard flickers and vanishes!
Deactivating autopickup; reactivate with Ctrl-A.
You closely miss something. Something hits you.
* * * LOW HITPOINT WARNING * * *
You miss something. Your kick misses something.
You hear some strange, mumbled words.
Something tries to affect you, but you resist.
You hit something but do no damage. Your kick misses something.
Your peck misses something. Something hits you.
* * * LOW HITPOINT WARNING * * *
You closely miss something. Something barely misses you.
You hear some strange, mumbled words.
A magic dart appears from out of thin air!
The magic dart hits you!
* * * LOW HITPOINT WARNING * * *
Unknown command.
It was a potion of curing.
You feel better. Something hits you.
* * * LOW HITPOINT WARNING * * *
You feel better. Something hits you.
* * * LOW HITPOINT WARNING * * *
You miss something. Your peck misses something. Something closely misses you.
You miss something. Your peck misses something.
You hear some strange, mumbled words.
A magic dart appears from out of thin air!
The magic dart hits you!
* * * LOW HITPOINT WARNING * * *
You barely miss something. Something barely misses you.
You miss something. Your peck misses something. Something hits you.
* * * LOW HITPOINT WARNING * * *
Something hits you.
You die...

##...........)
##..........##.
#........#..#..
##.............#
#.........#.#...
##.#......#..##..
#..#......#......
##{##......#....#.
#@)##......#.#....
##.###...........##
######..#########..#..#
#..........# ####..#.##
#..........###.......#
#..............#...###
#..........#####.<.#####
#..........# #........
#..........# #########


There were no monsters in sight!

Vanquished Creatures
  A water moccasin skeleton (D:2)
  2 adders (D:2)
  2 worms (D:2)
  A dart slug (D:2)
  An orc (D:2)
  3 ball pythons
  3 endoplasms
  2 giant cockroaches
  4 goblins
  2 hobgoblins
  7 jackals
  3 quokkas
  3 bats
  3 frilled lizards
  4 kobolds (D:1)
  4 rats
45 creatures vanquished.

Vanquished Creatures (others)
  A fungus (D:1)
1 creature vanquished.

Grand Total: 46 creatures vanquished

Notes
Turn   | Place    | Note
-------+----------+-------------------------------------------
     0 | D:1      | Htamos the Tengu Air Elementalist began the quest for the
                  | Orb.
     0 | D:1      | Reached XP level 1. HP: 10/10 MP: 4/4
    91 | D:1      | Found a faded altar of an unknown god.
   327 | D:1      | Reached XP level 2. HP: 16/16 MP: 3/6
   590 | D:1      | Reached skill level 1 in Fighting
   982 | D:1      | Reached XP level 3. HP: 20/20 MP: 5/7
  1727 | D:2      | Reached skill level 1 in Armour
  1755 | D:2      | Reached XP level 4. HP: 25/25 MP: 1/8
  1920 | D:2      | Reached skill level 1 in Polearms
  2134 | D:2      | Gained mutation: Your magical nature lets you fly swiftly
                  | and evasively. [Tengu growth]
  2134 | D:2      | Reached XP level 5. HP: 30/30 MP: 4/9
  2139 | D:2      | Learned a level 4 spell: Airstrike
  2336 | D:2      | Slain by an orc wizard

Illustrated notes

Levels and vault maps discovered:
D:1:      amcnicky_arrival_single_pillar, layout_loops_cross,
          shapermc_ecumenical_altar_mp_urbaneastern
D:2:      layout_rooms, nicolae_wormholes
D:3:      layout_loops_cross, minmay_fractal_squares_gapless_5

Skill      XL: |  1  2  3  4 |
---------------+-------------+-----
Fighting       | 1 2 |  2.0
Conjurations   | 2 |  2.2
Armour         | 1 |  1.3
Polearms       | 1 |  1.2
Dodging        | |  2.8
Stealth        | |  2.5
Spellcasting   | |  2.3
Air Magic      | |  4.4

Action                   |  1- 3 |  4- 6 || total
-------------------------+-------+-------++-------
Melee: Trident           |     6 |    19 ||    25
       Kick              |       |     4 ||     4
       Peck              |       |     1 ||     1
 Cast: Shock             |    89 |    24 ||   113
  Use: Potion            |       |     2 ||     2
Armor: Robe              |     1 |     1 ||     2
Dodge: Dodged            |     3 |     9 ||    12

Table legend: (Time is in decaauts)
 A = Elapsed time spent in this place.
 B = Non-inter-level travel time spent in this place.
 C = Inter-level travel time spent in this place.
 D = Time resting spent in this place.
 E = Time spent auto-exploring this place.
 F = Levels seen in this place.
 G = Mean time per level.
                   A        B        C        D        E       F      G
               +--------+--------+--------+--------+--------+-----+--------+
         Total |   2326 |   2265 |     61 |    160 |   1780 |   3 |  775.3 |
       Dungeon |   2326 |   2265 |     61 |    160 |   1780 |   3 |  775.3 |
               +--------+--------+--------+--------+--------+-----+--------+

Top non-repeatable levels by time:
     D:1: 1293 daAuts
     D:2: 988 daAuts
     D:3: 44 daAuts
